 Dungeon Crawl Stone Soup version 0.22.1-2-g9c5b331 (webtiles) character file.

357 pkoi the Ruffian (level 6, 0/47 HPs)
             Began as a Draconian Transmuter on Nov 30, 2018.
             Slain by a centaur (3 damage)
             ... on level 5 of the Dungeon on Dec 5, 2018.
             The game lasted 00:08:10 (4327 turns).

pkoi the Ruffian (Draconian Transmuter)             Turns: 4327, Time: 00:08:10

Health: 0/47       AC:  6    Str: 13    XL:     6   Next: 36%
Magic:  18/18      EV: 12    Int: 15    God:
Gold:   192        SH:  0    Dex: 11    Spells: 3/9 levels left

rFire    . . .     SeeInvis .     - Unarmed
rCold    . . .     Gourm    .   (no shield)
rNeg     . . .     Faith    .   (armour unavailable)
rPois    .         Spirit   .   (helmet restricted)
rElec    .         Reflect  .   u - scarf {cloud immunity}
rCorr    .         Harm     .   (no gloves)
MR       .....                  (no boots)
Stlth    +.........             (no amulet)
HPRegen  0.15/turn              s - ring of magical power
MPRegen  0.16/turn              (no ring)

@: no status effects
A: unfitting armour, cold-blooded, AC +6
a: no special abilities


You were on level 5 of the Dungeon.
You were not hungry.

You visited 1 branch of the dungeon, and saw 5 of its levels.

You collected 244 gold pieces.
You spent 52 gold pieces at shops.

Inventory:

Missiles
 a - 65 arrows
Armour
 h - a +0 cloak
 u - a scarf of cloud immunity (worn)
Jewellery
 s - a ring of magical power (left hand)
Wands
 p - a wand of polymorph (7)
 q - a wand of digging (2)
Scrolls
 b - 3 scrolls of teleportation {unknown}
 d - 3 scrolls of remove curse {unknown}
 e - 3 scrolls of identify {unknown}
 g - a scroll of immolation {unknown}
 k - 2 scrolls of enchant armour {unknown}
 l - 3 scrolls of enchant weapon {unknown}
Potions
 f - a potion of brilliance {unknown}
 i - 3 potions of curing
 j - a potion of heal wounds {unknown}
 m - a potion of agility {unknown}
 n - a potion of haste {unknown}
 o - a potion of magic {unknown}
 r - 2 potions of resistance {unknown}
 t - a potion of degeneration
Comestibles
 c - 10 rations
 v - 2 chunks of flesh


   Skills:
 - Level 1.1 Fighting
 - Level 1.7 Dodging
 - Level 5.2 Unarmed Combat
 - Level 2.0 Spellcasting
 + Level 4.4 Transmutations
 + Level 2.5 Poison Magic


You had 3 spell levels left.
You knew the following spells:

 Your Spells              Type           Power        Failure   Level  Hunger
a - Beastly Appendage     Tmut           ##....       3%          1    #......
b - Sticks to Snakes      Tmut           ##......     5%          2    ###....
c - Spider Form           Tmut/Pois      ##........   16%         3    ###....

Your spell library contained the following spells:

 Spells                   Type           Power        Failure   Level  Hunger
 Magic Dart               Conj           #...         22%         1    #......
 Searing Ray              Conj           #.....       32%         2    ###....
 Dazzling Spray           Conj/Hex       #.....       54%         3    ###....
 Ice Form                 Ice/Tmut       #.......     65%         4    #####..
 Blade Hands              Tmut           ##........   69%         5    ######.
 Force Lance              Conj/Tloc      #.......     91%         4    #####..
 Fulminant Prism          Conj/Hex       #.........   91%         4    #####..
 Iskenderun's Mystic Bla  Conj           #.......     91%         4    #####..


Dungeon Overview and Level Annotations

Branches:
Dungeon (5/15)
 Temple: D:4-7

Altars:
Fedhas

Shops:
D:4 !   D:5 *((}%


Innate Abilities, Weirdness & Mutations

Your plain brown scales are hard. (AC +6)
You cannot fit into any form of body armour.
You are cold-blooded and may be slowed by cold attacks.


Message History

The centaur wields a shortbow.
The centaur shoots an arrow.
The arrow closely misses you.
The centaur shoots an arrow.
The arrow closely misses you.
You see here an arrow.
The centaur shoots an arrow.
The arrow hits you.
You see here an arrow.
The centaur shoots an arrow.
The arrow hits you!
You see here an arrow.
The centaur shoots an arrow.
The arrow hits you!
You see here an arrow.
The centaur shoots an arrow.
The arrow hits you!
* * * LOW HITPOINT WARNING * * *
The centaur shoots an arrow.
The arrow hits you.
* * * LOW HITPOINT WARNING * * *
You see here 3 arrows.
The centaur unwields an uncursed shortbow.
The centaur hits you.
* * * LOW HITPOINT WARNING * * *
You barely miss the centaur. The centaur hits you.
You die...

'.....#....#......#
#.....#....#......#
#.....#....#......#
#.....#....#......#
#.....#<...#......#
#.....#....#..∩...#
#.....#....#......#
#....c#....##'#####
#....@#...........#
#....(#....##.....#
#....(#######.....#
#....(#.....#.....#
#.....#.....#.....#
#.....#....##'######## .
#.....#.∩..##..#...... ...
.#.....#.....#..'......
#..######.$#.....#.....'..#.....)


You could see a centaur.

Vanquished Creatures
  A crimson imp (D:5)
  2 hounds (D:5)
  Ijyb (D:3)
  A worker ant (D:5)
  Natasha (twice) (D:3)
  5 adders
  4 gnolls (D:5)
  An adder skeleton (D:4)
  3 worms
  3 dart slugs
  A leopard gecko (D:2)
  An orc (D:3)
  6 giant cockroaches
  4 goblins (D:1)
  5 hobgoblins
  A jackal (D:3)
  A quokka (D:4)
  6 bats
  7 frilled lizards
  9 kobolds
  7 rats
71 creatures vanquished.

Vanquished Creatures (collateral kills)
  Natasha (D:3)
  A jackal (D:3)
  A rat (D:2)
3 creatures vanquished.

Grand Total: 74 creatures vanquished

Notes
Turn   | Place    | Note
-------+----------+-------------------------------------------
     0 | D:1      | pkoi the Draconian Transmuter began the quest for the Orb.
     0 | D:1      | Reached XP level 1. HP: 16/16 MP: 3/3
   135 | D:1      | Reached XP level 2. HP: 16/23 MP: 5/5
   488 | D:1      | Reached skill level 4 in Unarmed Combat
   737 | D:1      | Reached XP level 3. HP: 28/28 MP: 6/6
   741 | D:1      | Learned a level 2 spell: Sticks to Snakes
  2017 | D:3      | Noticed Natasha
  2027 | D:3      | Killed Natasha
  2027 | D:3      | Reached XP level 4. HP: 16/35 MP: 7/7
  2569 | D:3      | Noticed Natasha
  2575 | D:3      | Killed Natasha
  2575 | D:3      | Reached skill level 5 in Unarmed Combat
  2692 | D:3      | Noticed Ijyb
  2741 | D:3      | Killed Ijyb
  2741 | D:3      | Reached XP level 5. HP: 40/40 MP: 1/8
  2810 | D:3      | Found a blossoming altar of Fedhas.
  2822 | D:3      | Noticed Natasha
  2847 | D:3      | Killed Natasha
  3002 | D:4      | Learned a level 3 spell: Spider Form
  3152 | D:4      | Found Nenifea's Distillery.
  3227 | D:4      | Bought a potion of degeneration for 13 gold pieces
  3227 | D:4      | Bought a potion of curing for 39 gold pieces
  3729 | D:5      | Entered Level 5 of the Dungeon
  3729 | D:5      | Found Caytham's Antique Weapon Shop.
  3729 | D:5      | Found Qaokenav's Assorted Antiques.
  3744 | D:5      | Reached skill level 1 in Poison Magic
  3833 | D:5      | Found Nilaas's Antique Weapon Shoppe.
  3977 | D:5      | Reached XP level 6. HP: 43/47 MP: 9/9
  4201 | D:5      | Noticed a slave
  4201 | D:5      | Noticed a slave
  4201 | D:5      | Noticed a slave
  4252 | D:5      | Found Ceis's Food Shoppe.
  4288 | D:5      | Found Vadece's Gadget Shop.
  4327 | D:5      | Slain by a centaur

Skill      XL: |  1  2  3  4  5 |
---------------+----------------+-----
Unarmed Combat | 4 5 |  5.2
Transmutations | 3 4 |  4.4
Poison Magic   | 2 |  2.5
Fighting       | |  1.1
Dodging        | |  1.7
Spellcasting   | |  2.0

Action                   |  1- 3 |  4- 6 || total
-------------------------+-------+-------++-------
Melee: Unarmed           |   159 |   130 ||   289
       Tailslap          |    15 |    13 ||    28
       Punch             |     4 |     3 ||     7
       Kick              |       |     2 ||     2
       Headbutt          |       |     1 ||     1
 Cast: Sticks to Snakes  |     1 |     9 ||    10
       Beastly Appendage |       |     2 ||     2
       Spider Form       |       |     1 ||     1
 Stab: Sleeping          |     1 |     1 ||     2
  Eat: Chunk             |     4 |     8 ||    12
Armor: Skin              |    37 |    30 ||    67
Dodge: Dodged            |    99 |    99 ||   198
